 Dungeon Crawl Stone Soup version 0.29-a0-330-g52719c12eb (webtiles) character file.

Game seed: 2943818554540232432

145 Anon1729 the Chopper (level 5, -2/47 HPs)
             Began as a Minotaur Monk on Apr 30, 2022.
             Was an Initiate of Yredelemnul.
             Slain by an ogre
             ... wielding a +0 giant spiked club
              (25 damage)
             ... on level 4 of the Dungeon.
             The game lasted 00:02:23 (2793 turns).

Anon1729 the Chopper (Minotaur Monk)                Turns: 2793, Time: 00:02:23

Health: -2/47      AC: 11    Str: 17    XL:     5   Next: 6%
Magic:  5/5        EV:  6    Int:  7    God:    Yredelemnul [......]
Gold:   215        SH:  0    Dex: 13    Spells: 4/4 levels left

rFire   . . .      SeeInvis .   a - +0 hand axe
rCold   . . .      Faith    .   (no shield)
rNeg    . . .      Spirit   .   v - +0 plate armour
rPois   .          Reflect  .   (helmet restricted)
rElec   .          Harm     .   (no cloak)
rCorr   .          Rampage  .   (no gloves)
Will    .....                   (no boots)
Stlth   ..........              (no amulet)
HPRegen 0.15/turn               (no ring)
MPRegen 0.09/turn               (no ring)

@: no status effects
A: horns 2, retaliatory headbutt
a: Renounce Religion, Recall Undead Harvest


You were on level 4 of the Dungeon.
You worshipped Yredelemnul.
Yredelemnul was noncommittal.
You visited 1 branch of the dungeon, and saw 4 of its levels.

You collected 215 gold pieces.

Inventory:

Hand Weapons
 a - a +0 hand axe (weapon)
 u - the +2 spear of Furimaz {venom, rElec rF++ rCorr Int-2}
   (You found it on level 3 of the Dungeon)

   It poisons the flesh of those it strikes.
   Int:       It affects your intelligence (-2).
   rF:        It greatly protects you from fire.
   rElec:     It insulates you from electricity.
   rCorr:     It protects you from acid and corrosion.
Armour
 b - a +0 robe
 g - an orb of energy
 r - the +4 ring mail of Failure {rPois rN++ Str-4 Dex+3}
   (You found it on level 3 of the Dungeon)

   Str:       It affects your strength (-4).
   Dex:       It affects your dexterity (+3).
   rPois:     It protects you from poison.
   rN:        It greatly protects you from negative energy.
 v - a +0 plate armour (worn)
Scrolls
 d - 3 scrolls of identify {unknown}
 f - a scroll of silence {unknown}
 j - 2 scrolls of blinking {unknown}
 l - 3 scrolls of magic mapping {unknown}
 n - a scroll of enchant armour {unknown}
 p - a scroll of amnesia {unknown}
 q - a scroll of acquirement {unknown}
 s - a scroll of fog {unknown}
 w - a scroll of teleportation {unknown}
Potions
 c - a potion of ambrosia
 e - 2 potions of lignification {unknown}
 h - a potion of might {unknown}
 i - a potion of haste {unknown}
 k - 2 potions of attraction {unknown}
 m - a potion of invisibility {unknown}
 o - a potion of brilliance {unknown}
 t - a potion of degeneration {unknown}


   Skills:
 + Level 4.5 Fighting
 * Level 5.2 Axes
 + Level 2.3 Armour
 - Level 3.2 Dodging
 - Level 1.5 Stealth
 * Level 1.7 Invocations


You had 4 spell levels left.
You didn't know any spells.
Your spell library contained the following spells:

 Spells                   Type           Power      Damage    Failure   Level
 Animate Skeleton         Necr           0%         N/A       100%        1
 Apportation              Tloc           0%         N/A       100%        1
 Summon Small Mammal      Summ           0%         N/A       100%        1
 Cause Fear               Hex            0%         N/A       100%        4
 Dragon Form              Tmut           0%         N/A       100%        7
 Dragon's Call            Summ           0%         N/A       100%        9


Dungeon Overview and Level Annotations

Branches:
Dungeon (4/15)
 Temple: D:4-7

Altars:
Yredelemnul


Innate Abilities, Weirdness & Mutations

You have a pair of horns on your head.
You reflexively headbutt those who attack you in melee.


Message History

You kill the adder!
You have reached level 5!
HP restored.
w - a scroll labelled DARUTU POCKOJI
There is a stone staircase leading up here.
An ogre comes into view. It is wielding a +0 giant spiked club.
The ogre shouts!
An ogre is nearby!
An ogre is nearby!
You aren't carrying any items that you can evoke.
Unknown command.
Okay, then.
The ogre hits you with a +0 giant spiked club!!
Ouch! That really hurt!
You are too injured to fight recklessly!
You are too injured to fight recklessly!
You are too injured to fight recklessly!
You are too injured to fight recklessly!
You are too injured to fight recklessly!
You are too injured to fight recklessly!
You are too injured to fight recklessly!
You are too injured to fight recklessly!
You are too injured to fight recklessly!
You are too injured to fight recklessly!
You are too injured to fight recklessly!
You are too injured to fight recklessly!
You slash the ogre!
The ogre is moderately wounded.
The ogre hits you with a +0 giant spiked club.
You hit the ogre. You headbutt the ogre.
The ogre is heavily wounded.
You slash the ogre!
The ogre is severely wounded.
The ogre barely misses you.
You hit the ogre.
The ogre is almost dead.
The ogre hits you with a +0 giant spiked club!!
Ouch! That really hurt!
You die...
Your body rises from the dead as a mindless zombie.

### #.. #.# #.#
#####.#########
#..............
#.###.#.###....
# ##.#O# #
#.##.#.@# .#
#...###.###.#
#..#.#....#.#
#..##.......#
#.. #.......#
#..###......#
#......<....#
##.#####.####
#. #.#


You could see an ogre.

Vanquished Creatures
  4 gnolls
  4 adders
  2 worms (D:2)
  An orc (D:3)
  6 bats
  4 endoplasms
  4 giant cockroaches
  2 goblins
  2 hobgoblins (D:2)
  2 quokkas (D:1)
  7 ball pythons
  3 frilled lizards
  6 kobolds
  6 rats
53 creatures vanquished.

Vanquished Creatures (collateral kills)
  A gnoll (D:3)
  A dart slug (D:3)
  An endoplasm (D:3)
  A goblin (D:2)
4 creatures vanquished.

Vanquished Creatures (others)
  An adder zombie (D:3)
  A bat zombie (D:3)
  A kobold zombie (D:3)
  An orc zombie (D:3)
  A rat zombie (D:3)
5 creatures vanquished.

Grand Total: 62 creatures vanquished

Notes
Turn   | Place    | Note
-------+----------+-------------------------------------------
     0 | D:1      | Anon1729 the Minotaur Monk began the quest for the Orb.
     0 | D:1      | Reached XP level 1. HP: 19/19 MP: 0/0
   132 | D:1      | Reached XP level 2. HP: 27/27 MP: 1/1
   146 | D:1      | Reached skill level 4 in Axes
   146 | D:1      | Reached skill level 1 in Armour
   478 | D:1      | Found a faded altar of an unknown god.
   531 | D:1      | Prayed at the altar of an unknown god.
   531 | D:1      | Became a worshipper of Yredelemnul the Dark
   645 | D:2      | Reached XP level 3. HP: 33/33 MP: 2/2
  1122 | D:2      | Reached * piety under Yredelemnul
  1530 | D:3      | Reached XP level 4. HP: 40/40 MP: 3/3
  1534 | D:3      | Reached skill level 1 in Invocations
  1880 | D:3      | Identified the +4 ring mail of Failure {rPois rN++ Str-4
                  | Dex+3}
  1882 | D:3      | Reached skill level 5 in Axes
  2097 | D:3      | Identified the +2 spear of Furimaz {venom, rElec rF++ rCorr
                  | Int-2}
  2764 | D:4      | Reached XP level 5. HP: 46/47 MP: 5/5
  2783 | D:4      | Noticed an ogre
  2793 | D:4      | Slain by an ogre

Illustrated notes

Levels and vault maps discovered:
D:1:      psy_arrival_terrarium, layout_loops_ring,
          hellmonk_ecumenical_altar_leap_of_faith, st_stairs_11
D:2:      layout_rooms, minmay_misc_feat_five, st_stairs_12,
          minmay_increasing_density
D:3:      layout_basic, minmay_misc_feat_four_crosses
D:4:      nicolae_cairo_tiling_large, layout_loops_ring,
          mainiacjoe_overflow_divided_tiny

Skill      XL: |  1  2  3  4 |
---------------+-------------+-----
Axes           | 4 5 |  5.2
Armour         | 1 2 |  2.3
Fighting       | 4 |  4.5
Invocations    | 1 |  1.7
Dodging        | |  3.2
Stealth        | |  1.5

Action                   |  1- 3 |  4- 6 || total
-------------------------+-------+-------++-------
Melee: Hand axe          |    82 |    58 ||   140
       Headbutt          |    13 |    11 ||    24
 Stab: Sleeping          |     6 |     1 ||     7
Armor: Robe              |    10 |     2 ||    12
       Ring mail         |       |    10 ||    10
       Plate armour      |       |    10 ||    10
Dodge: Dodged            |    58 |    34 ||    92

Table legend: (Time is in decaauts)
 A = Elapsed time spent in this place.
 B = Non-inter-level travel time spent in this place.
 C = Inter-level travel time spent in this place.
 D = Time resting spent in this place.
 E = Time spent auto-exploring this place.
 F = Levels seen in this place.
 G = Mean time per level.
                   A        B        C        D        E       F      G
               +--------+--------+--------+--------+--------+-----+--------+
         Total |   2803 |   2700 |    103 |    191 |   2048 |   4 |  700.8 |
       Dungeon |   2803 |   2700 |    103 |    191 |   2048 |   4 |  700.8 |
               +--------+--------+--------+--------+--------+-----+--------+

Top non-repeatable levels by time:
     D:2: 1070 daAuts
     D:3: 1051 daAuts
     D:1: 642 daAuts
     D:4: 39 daAuts
